Map: Eternal Empire LE

Players

Kas

  • Race: Terran Terran
  • League: Grandmaster
  • Spawn Location: 1:00

GunGFuBanDa - Winner!

  • Race: Protoss Protoss
  • League: Master
  • Spawn Location: 7:00

Event: DreamHack SC2 Masters 2020 Summer Europe

VOD

Have the link to the VOD?

Description

Time

  • Played on: June 28, 2020, 10:42 a.m.
  • Length: 14:53

All games in this series

Show
View Real Time Build Order
Export as new Build Order

Kas Terran 

Build Orders:  

Get SALT Encoding   

  12  0:01  SCV  
  13  0:13  SCV  
  14  0:17  Supply Depot  
  14  0:25  SCV  
  15  0:39  SCV  
  15  0:41  Barracks  
  16  0:43  Refinery  
  16  0:51  SCV  
  17  1:03  SCV  
  18  1:15  SCV  
  19  1:29  Orbital Command  
  19  1:32  Marine  
  20  1:42  Command Center  
  20  1:52  Factory  
  20  1:56  SCV  
  21  2:03  Barracks Reactor  
  21  2:06  Supply Depot  
  21  2:11  SCV  
  22  2:16  Refinery  
  22  2:23  SCV  
  24  2:37  SCV  
  24  2:45  Hellion x2  
  24  2:47  Starport  
  24  2:50  SCV  
  29  2:53  Orbital Command  
  29  2:57  Reaper  
  30  3:03  SCV, Orbital Command  
  31  3:20  Hellion x2  
  31  3:23  SCV  
  35  3:32  Barracks Tech Lab  
  35  3:36  SCV  
  35  3:39  SCV  
  37  3:43  Command Center  
  37  3:48  SCV  
  37  3:49  Barracks  
  37  3:50  Supply Depot  
  37  3:53  SCV  
  39  3:59  Marine x2, Siege Tank  
  39  4:02  SCV  
  44  4:18  Marine x2  
  44  4:21  SCV  
  45  4:30  SCV  
  40  4:32  Siege Tank  
  40  4:33  SCV, Bunker  
  40  4:35  Marine x2  
  40  4:36  Bunker  
  40  4:37  Barracks Tech Lab  
  46  4:42  SCV  
  46  4:45  SCV  
  48  4:53  Marine x2  
  48  4:57  Stimpack, Marauder  
  52  5:03  Orbital Command  
  52  5:04  Siege Tank  
  55  5:09  SCV  
  55  5:10  SCV  
  55  5:13  Marine x2  
  57  5:24  SCV  
  57  5:25  Marauder  
  57  5:28  SCV  
  61  5:29  SCV  
  61  5:31  Engineering Bay, Marine  
  61  5:33  Refinery  
  61  5:34  Marine  
  61  5:35  Barracks  
  64  5:36  SCV, Supply Depot  
  64  5:37  Siege Tank  
  68  5:44  SCV  
  69  5:50  Supply Depot, Starport  
  69  5:53  Refinery  
  69  5:57  Marine x2  
  69  5:58  SCV x2, Marauder  
  69  6:00  SCV  
  69  6:04  Supply Depot  
  75  6:05  Supply Depot  
  75  6:06  Terran Infantry Weapons Level 1  
  75  6:10  SCV  
  76  6:11  Orbital Command  
  76  6:14  SCV, Supply Depot  
  77  6:18  Supply Depot, Factory Reactor  
  77  6:22  SCV  
  77  6:24  Marauder  
  80  6:26  Marine x2  
  82  6:36  Combat Shield  
  82  6:37  Barracks  
  82  6:39  SCV, Barracks  
  83  6:44  Marine x2  
  83  6:45  Marauder  
  87  6:49  SCV x2, Concussive Shells, Marauder  
  87  6:54  SCV  
  92  7:01  SCV x2  
  91  7:04  Medivac x2  
  91  7:07  Marauder, Marine x2  
  99  7:13  SCV  
  96  7:24  Marauder  
  96  7:25  SCV, Marine  
  96  7:28  Marauder, Barracks Tech Lab  
  96  7:29  SCV  
  102  7:31  SCV, Barracks Reactor  
  102  7:32  Supply Depot  
  102  7:36  Medivac x2  
  106  7:37  SCV  
  106  7:38  Factory Reactor  
  106  7:39  Marine  
  106  7:41  SCV  
  106  7:43  SCV, Marine  
  111  7:48  Marauder x2  
  111  7:49  SCV  
  116  7:53  SCV  
  116  7:55  SCV  
  116  7:57  Refinery  
  116  7:58  Supply Depot  
  118  8:00  Terran Infantry Armor Level 1  
  118  8:01  SCV, Supply Depot x2  
  118  8:06  Marauder, Marine  
  118  8:09  Marauder  
  118  8:11  Marauder  
  125  8:19  Marine  
  127  8:20  SCV, Marine x2  
  127  8:22  Liberator  
  127  8:26  Liberator  
  135  8:27  Marauder  
  135  8:28  Widow Mine x2  
  135  8:31  SCV  
  142  8:35  Supply Depot  
  142  8:36  Supply Depot  
  142  8:37  Marine  
  142  8:38  Marauder  
  145  8:42  Ghost Academy  
  145  8:43  Supply Depot  
  145  8:51  Marauder x2  
  149  8:56  Marine x2  
  149  8:57  Widow Mine x2  
  149  8:59  Marine  
  149  9:00  Marauder, Marine  
  158  9:05  Viking  
  158  9:09  Viking  
  162  9:12  Marauder  
  162  9:15  Ghost  
  162  9:16  Marine x2  
  168  9:19  SCV, Supply Depot x2, Refinery  
  168  9:20  Ghost  
  168  9:21  Widow Mine  
  173  9:27  SCV  
  173  9:28  Armory  
  173  9:29  Engineering Bay  
  162  10:01  Liberator x2  
  162  10:02  SCV  
  169  10:14  Ghost x2, Marine x3  
  169  10:15  Marauder  
  169  10:17  Widow Mine x2  
  160  10:39  Marauder, Marine x2  
  160  10:42  Marine x2  
  113  10:43  Marauder x2  
  113  10:44  Liberator x2  
  112  10:56  Marine  
  112  10:57  Marine  
  113  10:59  Terran Infantry Armor Level 2, Terran Infantry Weapons Level 2  
  113  11:00  Marauder  
  116  11:04  Marauder  
  116  11:05  Marauder  
  116  11:07  SCV  
  121  11:14  SCV  
  121  11:15  SCV  
  123  11:22  Missile Turret, Marauder, Marine x3  
  123  11:23  Marine  
  123  11:25  Ghost  
  129  11:26  Marauder  
  129  11:27  Viking x2  
  136  11:42  Terran Ship Weapons Level 1, Ghost, Missile Turret  
  136  11:44  Missile Turret, Marine x3  
  136  11:45  Enhanced Shockwaves, Marine  
  142  11:47  Marauder  
  142  11:51  Sensor Tower  
  144  11:54  Bunker, Marauder  
  144  11:57  Viking x2  
  150  12:02  Marine x2  
  150  12:10  SCV x2  
  150  12:12  SCV  
  151  12:20  Marine  
  151  12:21  Marine  
  151  12:22  Marauder x2  
  157  12:25  Marauder  
  157  12:27  Viking x2  
  161  12:42  Command Center  
  161  12:43  Marauder  
  163  12:47  Marauder x2, Marine x2  
  163  12:48  Marine x2  
  171  12:56  Missile Turret x2  
  171  12:58  Barracks  
  171  12:59  Barracks  
  171  13:04  Viking x2  
  173  13:16  Marauder x3, Marine x2  
  167  13:37  Marauder  
  162  13:47  Ghost  
  156  13:52  Medivac x2  
  146  14:00  SCV  
  128  14:03  SCV x2  
  123  14:12  SCV  
  124  14:18  SCV x2  
  124  14:23  Marauder x2  
  134  14:24  Marauder  
  134  14:29  Marine  
  123  14:39  SCV x2  
Show
View Real Time Build Order
Export as new Build Order

GunGFuBanDa Protoss - Winner!

Build Orders: 1 Gate Expand, Colossus Rush 

Get SALT Encoding   

  12  0:00  Probe  
  13  0:12  Probe  
  14  0:17  Pylon  
  14  0:24  Probe  
  15  0:32  Probe  
  15  0:36  Gateway  
  15  0:40  Probe  
  16  0:45  Assimilator  
  17  0:51  Probe  
  18  1:01  Probe  
  19  1:09  Probe  
  20  1:24  Nexus  
  20  1:34  Cybernetics Core  
  20  1:36  Probe  
  21  1:47  Pylon  
  21  1:48  Probe  
  21  1:53  Assimilator  
  22  2:00  Probe  
  22  2:01  Adept  
  23  2:11  Warp Gate  
  23  2:13  Probe  
  26  2:25  Probe  
  27  2:33  Probe  
  27  2:34  Stalker, Robotics Facility  
  30  2:37  Probe  
  30  2:41  Probe  
  31  2:49  Probe  
  31  2:51  Probe  
  34  3:01  Probe  
  34  3:04  Probe, Stalker  
  38  3:14  Probe  
  38  3:16  Probe  
  40  3:21  Warp Prism  
  40  3:22  Gateway  
  40  3:28  Probe  
  40  3:31  Gateway  
  42  3:36  Probe  
  42  3:40  Probe  
  42  3:41  Pylon  
  44  3:48  Probe  
  44  3:52  Probe, Pylon  
  46  3:59  Observer  
  46  4:00  Probe  
  48  4:03  Stalker  
  48  4:04  Probe  
  43  4:17  Stalker  
  43  4:23  Probe  
  42  4:27  Probe  
  43  4:31  Probe  
  43  4:36  Stalker x2  
  48  4:39  Probe  
  48  4:40  Probe  
  50  4:48  Probe  
  50  4:50  Nexus  
  51  4:53  Probe  
  51  4:56  Probe  
  52  5:05  Probe  
  54  5:07  Probe  
  54  5:10  Robotics Bay  
  55  5:20  Probe  
  55  5:22  Probe  
  55  5:28  Probe  
  57  5:31  Assimilator  
  57  5:33  Pylon  
  57  5:34  Probe  
  59  5:37  Probe  
  59  5:41  Sentry  
  62  5:46  Pylon x2  
  62  5:49  Forge  
  62  5:51  Probe x2, Colossus  
  62  5:56  Pylon, Assimilator  
  64  6:03  Probe x2  
  72  6:10  Sentry, Zealot x2  
  72  6:11  Probe  
  78  6:14  Probe  
  78  6:15  Probe  
  78  6:18  Protoss Ground Weapons Level 1  
  81  6:19  Probe  
  81  6:25  Observer  
  82  6:26  Probe  
  82  6:27  Probe  
  82  6:29  Probe, Forge  
  85  6:37  Extended Thermal Lance  
  85  6:38  Probe  
  85  6:39  Probe  
  87  6:41  Twilight Council, Probe  
  88  6:50  Probe, Shield Battery  
  88  6:53  Colossus  
  95  7:02  Probe x2, Protoss Ground Armor Level 1  
  95  7:03  Pylon  
  95  7:05  Charge  
  95  7:07  Probe, Stalker  
  95  7:08  Zealot x2  
  104  7:16  Probe  
  104  7:17  Probe  
  104  7:18  Pylon  
  103  7:23  Probe  
  103  7:28  Probe  
  103  7:30  Zealot x3  
  103  7:35  Shield Battery  
  109  7:42  Gateway  
  109  7:43  Gateway  
  109  7:47  Colossus  
  115  7:55  Probe x2  
  115  7:57  Stalker, Zealot x2  
  122  8:07  Probe x2  
  122  8:08  Protoss Ground Weapons Level 2  
  122  8:09  Photon Cannon  
  122  8:10  Shield Battery  
  124  8:15  Probe, Assimilator  
  124  8:19  Assimilator  
  124  8:27  Blink  
  124  8:33  Gateway  
  124  8:36  Gateway  
  124  8:39  Gateway  
  124  8:41  Pylon  
  124  8:43  Disruptor  
  124  8:46  Pylon x2  
  124  8:50  Pylon  
  124  8:54  Photon Cannon  
  125  8:59  Gateway  
  121  9:03  Zealot  
  121  9:04  Zealot x2  
  121  9:05  Zealot x2  
  121  9:06  Protoss Ground Armor Level 2  
  131  9:15  Observer  
  132  9:24  Pylon  
  132  9:25  Pylon  
  132  9:29  Zealot x4  
  132  9:30  Zealot x2  
  144  9:44  Disruptor  
  147  9:46  Zealot x2  
  147  9:50  Zealot x5  
  147  9:51  Zealot  
  161  9:56  Templar Archives  
  157  10:07  Probe x4  
  157  10:10  Nexus  
  157  10:11  Archon  
  157  10:12  Zealot x8  
  170  10:28  Zealot  
  170  10:30  Protoss Ground Weapons Level 3  
  154  10:37  Zealot x7  
  133  10:49  Stalker x2  
  137  10:50  Probe x2  
  137  10:52  Pylon  
  137  10:54  Pylon  
  137  10:55  Warp Prism  
  139  10:57  High Templar  
  139  10:58  High Templar x5  
  139  10:59  Zealot  
  139  11:01  Archon  
  139  11:02  Archon x2  
  153  11:07  Pylon  
  153  11:10  Probe  
  156  11:11  Protoss Ground Armor Level 3  
  156  11:23  Photon Cannon  
  154  11:26  Observer  
  155  11:36  Photon Cannon  
  155  11:37  Shield Battery  
  155  11:39  Pylon  
  155  11:41  Gravitic Drive  
  155  11:42  Sentry  
  155  11:43  High Templar x2  
  155  11:44  Zealot x3, High Templar x2  
  155  11:45  Zealot  
  173  11:47  Observer  
  173  11:48  Archon  
  173  11:49  Archon  
  174  11:55  Dark Shrine  
  174  11:57  Photon Cannon  
  166  12:12  Probe  
  166  12:13  Probe, Pylon  
  161  12:24  Stalker x9  
  161  12:27  Disruptor  
  180  12:38  Gravitic Boosters  
  180  12:44  Stargate  
  180  12:50  Nexus  
  180  12:52  Pylon  
  180  12:56  Zealot x8  
  196  13:08  Disruptor  
  196  13:09  Pylon  
  197  13:23  Dark Templar  
  163  13:34  Disruptor  
  163  13:35  Zealot x5, Dark Templar x2  
  163  13:36  Zealot  
  172  13:54  Robotics Facility  
  162  13:59  Dark Templar  
  162  14:00  Zealot x5, Dark Templar  
  172  14:09  Disruptor  
  169  14:17  Probe x3  
  169  14:21  Assimilator  
  153  14:41  Zealot x9  
  166  14:52  Photon Cannon  
Tags
 
Add a new tag
Caveats
  • Supply blocks, unpowered buildings, or Contaminate may cause inaccurate times.
  • Supply counts are checked every 10 seconds.